← All builds
Suicide front / Cortex / Economy first / OBSERVED BUILD

Standard suicide front

Cortex Suicide front build order · Supreme Isthmus

Economy-first start from a Bot Lab that pushes Thugs, Aggravators and Grunts to hold the middle while the player techs up as usual.

#rush #eco · 494 distinct matches · 91 players · 72% of Cortex Suicide front games · team won 53% of 510 · Recently observed

HOW TO PLAY IT

Key timing: Bot Lab by 0:35

  1. Grab 3 mex while bot lab goes down almost immediately.
  2. Finish bot lab and start pushing Thugs to middle right away.
  3. Layer wind, guard turrets and sentries while holding the line.
  4. Expect first kill and first loss almost immediately as fighting starts early.
  5. Transition into advanced metal extractor once middle is stable.

Phase by phase

TYPICAL OF ITS 494 GAMES
  1. 1
  2. 2
  3. 3
PLAY THE OPENING

Follow the example game's first 6:00 step by step: what to build now, what comes next, and where it goes. At 1× it keeps pace with your own game.

  1. 1

    Up to the Bot Lab

    Economy
    • Metal Extractor2Mex
    Order
    1. Bot LabBot Lab after 2 mexdone ~0:37, middle half 0:27–0:45

    By 0:22 in all: 2 mex

    The example game in this phase · 2 steps
    1. Mex
    2. Bot LabBot Labdone 0:27 · typical 0:37
  2. 2

    Bot Lab to 5:00

    Economy
    • Metal Extractor4Mex
    • Wind Turbine3Wind
    Builders
    • Graverobber4 Graverobber
    • Construction Bot3 Con bot
    Army
    • Guard3 Guard
    • Thug15 Thug
    • Grunt3 Grunt
    Other
    • Radar Tower1 Radar Tower

    Some games also: aggravator (46%)

    By 5:00 in all: 5 mex · 3 wind

    The example game in this phase · 38 steps
    1. GruntGrunt
    2. GraverobberGraverobber
    3. Construction BotCon bot ×3
    4. GraverobberGraverobber
    5. Mex ×2
    6. ThugThug ×3
    7. Mex
    8. ThugThug
    9. Mex
    10. Radar TowerRadar Tower
    11. GraverobberGraverobber
    12. GuardGuard ×2
    13. ThugThug
    14. Wind
    15. GuardGuard
    16. ThugThug
    17. GuardGuard
    18. Wind
    19. ThugThug ×2
    20. GraverobberGraverobber
    21. Wind
    22. AggravatorAggravator ×2
    23. GuardGuard
    24. Wind
    25. GuardGuard
    26. AggravatorAggravator
    27. GuardGuard
    28. AggravatorAggravator ×2
    29. Wind
    30. AggravatorAggravator ×3
    31. Wind
    32. AggravatorAggravator ×2
    33. Wind
    34. GruntGrunt ×2
    35. Mex
    36. GruntGrunt ×2
    37. Wind
    38. GruntGrunt
  3. 3

    5:00 to 10:00

    Economy
    • Metal Extractor1Mex
    • Wind Turbine14Wind
    Builders
    • Construction Turret2 Con turret
    • Graverobber3 Graverobber
    • Construction Bot1 Con bot
    Army
    • Guard1 Guard
    • Thug8 Thug
    • Grunt2 Grunt

    Some games also: energy storage (47%) · aggravator (45%) · Radar Tower (41%) · Twin Guard (31%) · eat Bot Lab (35%)

    By 10:00 in all: 6 mex · 18 wind · 1 energy storage · 2 con turret

    The example game in this phase · 139 steps
    1. GraverobberGraverobber ×2
    2. Con turret
    3. GraverobberGraverobber ×3
    4. GruntGrunt
    5. MaceMace
    6. Mex
    7. GruntGrunt ×3
    8. MaceMace ×2
    9. Solar
    10. GruntGrunt ×2
    11. MaceMace
    12. GruntGrunt
    13. MaceMace
    14. Energy storage
    15. GruntGrunt ×5
    16. Wind
    17. GruntGrunt
    18. Wind
    19. GruntGrunt
    20. Wind
    21. GruntGrunt ×2
    22. Wind
    23. GruntGrunt ×2
    24. Wind
    25. GruntGrunt
    26. Wind
    27. GruntGrunt
    28. Con turret
    29. Mex
    30. Construction BotCon bot ×2
    31. Advanced Metal ExtractorT2 mexdone 8:25 · typical 9:50
    32. Mex
    33. Construction BotCon bot
    34. ThistleThistle ×2
    35. Construction BotCon bot ×2
    36. GuardGuard
    37. GruntGrunt
    38. Advanced Metal ExtractorT2 mex
    39. GruntGrunt
    40. GuardGuard
    41. GruntGrunt ×3
    42. GuardGuard
    43. GruntGrunt ×4
    44. GuardGuard
    45. GruntGrunt
    46. Advanced Metal ExtractorT2 mex
    47. GruntGrunt ×2
    48. GuardGuard
    49. Con turret
    50. GruntGrunt ×2
    51. GuardGuard
    52. Wind
    53. GruntGrunt
    54. Wind
    55. Con turret ×2
    56. GruntGrunt
    57. GuardGuard
    58. GruntGrunt
    59. Wind
    60. Con turret
    61. GruntGrunt
    62. Con turret
    63. Advanced Metal ExtractorT2 mex
    64. Wind
    65. GruntGrunt ×2
    66. Wind
    67. GruntGrunt
    68. Wind
    69. Con turret
    70. GruntGrunt
    71. Wind
    72. GruntGrunt
    73. Wind ×2
    74. GruntGrunt
    75. Wind
    76. GruntGrunt
    77. Wind ×2
    78. GruntGrunt
    79. Wind
    80. GruntGrunt
    81. Converter
    82. Wind
    83. GruntGrunt ×2
    84. Converter
    85. Wind
    86. GruntGrunt ×2
    87. Wind
    88. GruntGrunt
    89. Wind
    90. GruntGrunt
    91. Wind
    92. Converter
    93. GruntGrunt
    94. Wind ×2
    95. GruntGrunt
    96. Converter
    97. Wind
    98. Advanced Metal ExtractorT2 mex
    99. GruntGrunt
    100. Wind ×3
    101. GruntGrunt
    102. Wind ×2
    103. GruntGrunt
    104. Wind
    105. Converter
    106. Wind ×2
    107. GruntGrunt
    108. Converter
    109. Wind
    110. JellyfishJellyfish
    111. GruntGrunt
    112. Wind ×3
    113. GruntGrunt
    114. Wind
    115. GruntGrunt
    116. Converter
    117. RattlesnakeRattlesnakenot finished by 15:00
    118. GruntGrunt
    119. Wind ×2
    120. Converter
    121. GruntGrunt
    122. JellyfishJellyfish
    123. Wind ×3
    124. GruntGrunt
    125. Wind
    126. GruntGrunt
    127. Wind
    128. GruntGrunt
    129. Converter
    130. GruntGrunt
    131. Wind
    132. ShipyardShipyardnot finished by 15:00
    133. GruntGrunt
    134. Converter
    135. GruntGrunt
    136. Wind
    137. GruntGrunt ×2
    138. Wind ×2
    139. GruntGrunt

Counts are medians over the build's games: half of them build more, half fewer. The example game is xabre's (47 OS, 05/10/2026); pick another.

Team trades

IN AT LEAST 30% OF ITS GAMES

You hand over

Nothing regular.

You get

  • Tidal Generator4 Tidal from Pondfirst at 0:11 · in 69% of games
  • Advanced Construction Bot1 T2 con bot from Geo or Techfirst at 7:38 · in 57% of games

How it plays out

Typical game of this build, running totals by minute

Metal produced

010k20k
0:005:0010:0015:00

metal

Enemy metal destroyed

05k10k
0:005:0010:0015:00

metal

Own metal lost

05k10k15k
0:005:0010:0015:00

metal

510 games.

Show as table
ByMetal produced: This buildEnemy metal destroyed: This buildOwn metal lost: This build
1:0032700
2:0096500
3:002069200140
4:003167712642
5:00432816511430
6:00554925842412
7:00675036083473
8:00796845704492
9:00923953275480
10:001049060336293
11:001202366217138
12:001361270967946
13:001518477998729
14:001697885519413
15:0018684921410163
WHAT THE NUMBERS SAY

Standard suicide front wins slightly above average at 52%, with by far the heaviest early trading of any role.

  • + Fastest bot lab of any role at 0:35, matching its job of projecting force earliest.
  • − Highest own metal lost by far at 10162 by 15:00, reflecting constant frontline trading.
THE EXAMPLE YOU ARE READING

xabre

47.1 OS · 05/10/2026

Open source match ↗

6 received units · includes a constructor
59 metal received · 49659 energy received

Allied construction assistance is unknown. Timings are observations, not a promise of solo reproducibility.

Typical milestones

Bot Lab0:37Middle 50%: 0:27–0:45 · n=506
Advanced Metal Extractor9:50Middle 50%: 8:50–10:58 · n=330

Played most by

_X_64games of this build_Hawkey_54games of this buildXXMACGAMERXX43games of this buildImmort30games of this buildGuiTou25games of this build
Standard suicide front · Cortex Suicide front build order · BAR Build Atlas